 Dungeon Crawl Stone Soup version 0.31-a0-214-gb37851dbb3 (webtiles) character file.

Game seed: 895240110026057038

704 qw the Shooter (level 7, -4/59 HPs)
             Began as a Minotaur Hexslinger on July 1, 2023.
             Slain by an ogre
             ... wielding a +0 giant club
              (14 damage)
             ... on level 5 of the Dungeon.
             The game lasted 00:01:07 (2639 turns).

qw the Shooter (Minotaur Hexslinger)                Turns: 2639, Time: 00:01:07

Health: -4/59      AC:  8    Str: 13    XL:     7   Next: 39%
Magic:  7/7        EV: 12    Int: 10    God:
Gold:   304        SH:  0    Dex: 20    Spells: 7/8 levels left

rFire   . . .        j - +1 sling (heavy)
rCold   . . .        (no shield)
rNeg    . . .        h - +2 ring mail {rPois}
rPois   +            (helmet restricted)
rElec   .            (no cloak)
rCorr   .            (no gloves)
SInv    .            f - +0 pair of boots
Will    .....        e - amulet of regeneration
Stlth   +            k - +6 ring of dexterity
HPRegen 1.09/turn    (no ring)
MPRegen 0.10/turn

%: no passive effects
@: no status effects
A: horns 2, retaliatory headbutt
a: no special abilities


You were on level 5 of the Dungeon.
You visited 1 branch of the dungeon, and saw 5 of its levels.

You collected 304 gold pieces.


Innate Abilities, Weirdness & Mutations

You have a pair of horns on your head.
You reflexively headbutt those who attack you in melee.


   Skills:
 - Level 4.3 Fighting
 + Level 7.8 Ranged Weapons
 - Level 1.0 Armour
 - Level 3.3 Dodging
 - Level 1.0 Spellcasting
 - Level 2.0 Hexes


You had 7 spell levels left.
You knew the following spells:

 Your Spells              Type           Power      Damage    Failure   Level
a - Slow                  Hex            16%        N/A       32%         1

Your spell library contained the following spells:

 Spells                   Type           Power      Damage    Failure   Level
 Inner Flame              Hex/Fire       2%         N/A       82%         3
 Portal Projectile        Hex/Tloc       4%         N/A       82%         3
 Cause Fear               Hex            2%         N/A       97%         4

Inventory:

Hand Weapons
 j - a +1 heavy sling (weapon)
Armour
 f - a +0 pair of boots (worn)
 h - a +2 ring mail of poison resistance (worn)
Jewellery
 e - an amulet of regeneration (around neck)
 k - a +6 ring of dexterity (left hand)
Scrolls
 a - a scroll of identify
Potions
 c - a potion of curing
 d - a potion of cancellation
 g - a potion of might
 l - a potion of haste {unknown}
 m - a potion of berserk rage {unknown}

Dungeon Overview and Level Annotations

Branches:
Dungeon (5/15)
 Temple: D:4-7

Altars:
Elyvilon
Qazlal

Annotations:
D:2 1 runed translucent door, Crazy Yiuf


Message History

You shoot a sling bullet. The sling bullet hits the phantom.
The phantom is severely damaged.
The phantom hits you but does no damage.
The white imp shouts, "Take thy face hence, thou erky dread-bolted bloater!"
The white imp hits you but does no damage.
You shoot a sling bullet. The sling bullet hits the phantom!
You destroy the phantom!
The white imp gestures at you. The puff of frost hits you.
An orc opens the door.
The white imp closely misses you.
Found five items.
Enter note: You shoot a sling bullet.
The sling bullet hits the white imp.
The white imp is moderately wounded.
The white imp misses you. The orc completely misses you.
The white imp barely misses you. You furiously retaliate!
You headbutt the white imp!
You kill the white imp!
The orc barely misses you. You furiously retaliate!
You headbutt the orc. You shoot a sling bullet.
The sling bullet closely misses the orc.
The ogre completely misses you. The orc misses you.
You shoot a sling bullet.
The sling bullet closely misses the orc.
The orc hits you but does no damage.
The ogre hits you with a +0 giant club!!
The orc barely misses you.
You shoot a sling bullet. The sling bullet hits the orc!!
You kill the orc!
The ogre hits you with a +0 giant club!
You shoot a sling bullet. The sling bullet hits the ogre!!
The ogre is severely wounded.
The ogre misses you.
You shoot a sling bullet. The sling bullet hits the ogre!
The ogre is almost dead.
The ogre hits you with a +0 giant club!!
You shoot a sling bullet.
The sling bullet barely misses the ogre.
The ogre hits you with a +0 giant club!
You die...

#.......#
#.......# #
....... #.
..... #. ..o
#.########%####
#.............#
#.............#
#..@O.........#
####)########.#
..# ###..# ...#
#....#
...?##....#
..[)#.....#
...$#....##
../##....#
#..###


You could see an ogre.

Vanquished Creatures
  A phantom (D:5)
  3 scorpions
  3 hounds
  2 orc priests (D:4)
  2 sleepcaps
  4 iguanas
  Robin (D:3)
  4 adders
  A white imp (D:5)
  6 worms
  4 dart slugs
  2 orcs
  5 ball pythons
  5 endoplasms
  6 giant cockroaches
  8 hobgoblins
  7 quokkas
  3 bats
  2 frilled lizards
  10 goblins
  7 kobolds
  3 rats (D:1)
89 creatures vanquished.

Notes
Turn   | Place    | Note
-------+----------+-------------------------------------------
     0 | D:1      | qw the Minotaur Hexslinger began the quest for the Orb.
     0 | D:1      | Reached XP level 1. HP: 16/16 MP: 1/1
     0 | D:1      | 0 ||| qw: Version: 0.3-a-32-g5962c71
     0 | D:1      | 0 ||| qw: Game counter: 7556
     0 | D:1      | 0 ||| qw: Melee chars always use a shield: true
     0 | D:1      | 0 ||| qw: God list: Okawaru
     0 | D:1      | 0 ||| qw: Allow faded altars: false
     0 | D:1      | 0 ||| qw: Do Orc after clearing Dungeon:15 true
     0 | D:1      | 0 ||| qw: Do second Lair branch before Depths: true
     0 | D:1      | 0 ||| qw: Lair rune preference: random
     0 | D:1      | 0 ||| qw: Goals: Normal
     0 | D:1      | 0 ||| PLANNING D:1-11
    78 | D:1      | Reached skill level 3 in Ranged Weapons
    80 | D:1      | Reached XP level 2. HP: 23/23 MP: 2/2
   729 | D:1      | 729 ||| UPGRADING to +0 leather armour.
   739 | D:1      | 739 ||| DROPPING +0 robe.
   740 | D:1      | 740 ||| UPGRADING to amulet of regeneration.
   745 | D:1      | 745 ||| UPGRADING to +6 ring of dexterity.
   746 | D:1      | 746 ||| READING 2 scrolls labelled UHEZETT YNGA.
   747 | D:1      | 747 ||| READING scroll labelled SAMEED ZUMEFYO.
   748 | D:1      | 748 ||| READING scroll labelled LIUXOAGOIHU.
   749 | D:1      | 749 ||| READING scroll labelled ILONLE ENAOPNEBUPH.
   750 | D:1      | 750 ||| DROPPING scroll of poison.
   778 | D:2      | Found a faded altar of an unknown god.
   833 | D:2      | Reached XP level 3. HP: 27/29 MP: 3/3
   857 | D:2      | Found a stormy altar of Qazlal.
   930 | D:2      | 930 ||| FLEEEEING.
  1012 | D:2      | Reached skill level 4 in Ranged Weapons
  1180 | D:2      | Found a runed translucent door.
  1181 | D:2      | Noticed Crazy Yiuf
  1415 | D:2      | 1415 ||| UPGRADING to +0 pair of boots.
  1420 | D:2      | 1420 ||| UPGRADING to +0 ring mail.
  1430 | D:2      | 1430 ||| DROPPING +0 leather armour.
  1431 | D:2      | 1431 ||| READING 2 scrolls labelled NAIPHE INOEM.
  1432 | D:2      | 1432 ||| DRINKING 2 blue potions.
  1433 | D:2      | 1433 ||| READING 2 scrolls of identify.
  1433 | D:2      | 1433 ||| IDENTIFYING fuming sapphire potion
  1434 | D:2      | 1434 ||| DROPPING potion of degeneration.
  1435 | D:2      | 1435 ||| DROPPING scroll of summoning.
  1452 | D:3      | 1452 ||| STAIRDANCE
  1453 | D:3      | Reached XP level 4. HP: 32/36 MP: 4/4
  1544 | D:3      | Reached skill level 1 in Armour
  1625 | D:3      | Noticed Robin
  1631 | D:3      | Killed Robin
  1845 | D:3      | 1845 ||| UPGRADING to +2 ring mail of poison resistance.
  1855 | D:3      | 1855 ||| DROPPING +0 ring mail.
  1856 | D:3      | 1856 ||| READING scroll labelled ZEX GEOLENENG.
  1857 | D:3      | 1857 ||| DRINKING 2 yellow potions.
  1884 | D:4      | 1884 ||| STAIRDANCE
  1885 | D:4      | Reached skill level 5 in Ranged Weapons
  1887 | D:3      | Reached XP level 5. HP: 40/44 MP: 5/5
  1889 | D:3      | Reached skill level 3 in Fighting
  1931 | D:4      | Reached skill level 6 in Ranged Weapons
  2021 | D:4      | Reached XP level 6. HP: 52/52 MP: 6/6
  2188 | D:4      | 2188 ||| Stepping ~*~*~tactically~*~*~ (outnumbered).
  2190 | D:4      | 2190 ||| Stepping ~*~*~tactically~*~*~ (outnumbered).
  2193 | D:4      | 2193 ||| FLEEEEING.
  2282 | D:4      | Found a white marble altar of Elyvilon.
  2417 | D:4      | Reached skill level 7 in Ranged Weapons
  2503 | D:4      | 2503 ||| READING scroll labelled PYEXEE CAERGH.
  2504 | D:4      | 2504 ||| READING 2 scrolls of identify.
  2504 | D:4      | 2504 ||| IDENTIFYING green potion
  2545 | D:5      | Entered Level 5 of the Dungeon
  2596 | D:5      | Reached skill level 3 in Dodging
  2596 | D:5      | Reached XP level 7. HP: 59/59 MP: 7/7
  2638 | D:5      | HP: 9/59 [ogre/+0 giant club (18)]
  2639 | D:5      | Slain by an ogre

Levels and vault maps discovered:
D:1:      tarquinn_simple_flora_water_a, layout_basic, nrook_loot_triangle
D:2:      layout_loops_ring, shapermc_ecumenical_altar_totnotflames,
          basic_altar, minmay_domino_4, uniq_crazy_yiuf_cottage
D:3:      layout_basic, uniq_robin
D:4:      layout_gridville, mainiacjoe_overflow_six_doors_small, st_stairs_13,
          nicolae_zen_rock_garden, chequers_jeans
D:5:      minmay_opposing_rooms, layout_basic, minmay_temple_entry_large_hall,
          minmay_misc_feat_square, minmay_misc_feat_enclosed,
          grunt_decor_arrowhead, kennysheep_generic_room_9

Skill      XL: |  1  2  3  4  5  6 |
---------------+-------------------+-----
Ranged Weapons | 3 4 5 6 7 |  7.8
Fighting       | 2 3 4 |  4.3
Armour         | 1 |  1.0
Dodging        | 3 |  3.3
Spellcasting   | |  1.0
Hexes          | |  2.0

Action                     |  1- 3 |  4- 6 |  7- 9 || total
---------------------------+-------+-------+-------++-------
   Fire: Sling             |    98 |    91 |    25 ||   214
    Use: Scroll            |     6 |     3 |       ||     9
         Potion            |     1 |     1 |       ||     2
 Armour: Robe              |     2 |       |       ||     2
         Leather armour    |     5 |       |       ||     5
         Ring mail         |     1 |    27 |    11 ||    39
  Dodge: Dodged            |    18 |    42 |    17 ||    77

Table legend:
 A = Non-vault XP
 B = Vault XP
 C = Vault XP percentage of total XP
 D = Non-vault monster count
 E = Vault monster count
 F = Vault count percentage of total count
                 A         B        C        D         E       F
            +---------+---------+-------+---------+---------+-------
      Total |     630 |     376 |  37.4 |      65 |      24 |  27.0
            +---------+---------+-------+---------+---------+-------
        D:1 |      36 |       0 |   0.0 |      20 |       0 |   0.0
        D:2 |      46 |       6 |  11.5 |      13 |       4 |  23.5
        D:3 |      43 |      80 |  65.0 |      11 |      12 |  52.2
        D:4 |     505 |       0 |   0.0 |      21 |       0 |   0.0
        D:5 |       0 |     290 | 100.0 |       0 |       8 | 100.0
            +---------+---------+-------+---------+---------+-------
